 Dungeon Crawl Stone Soup version 0.27.1-3-gb3d3a73c9e (webtiles) character file.

Game seed: 282179250989424735

111 barney the Changer (level 4, 0/35 HPs)
             Began as a Draconian Transmuter on Oct 5, 2021.
             Slain by a gnoll (1 damage)
             ... on level 3 of the Dungeon.
             The game lasted 00:02:18 (3701 turns).

barney the Changer (Draconian Transmuter)           Turns: 3701, Time: 00:02:18

Health: 0/35       AC:  2    Str: 12    XL:     4   Next: 62%
Magic:  5/7        EV: 19    Int: 15    God:
Gold:   87         SH:  0    Dex: 16    Spells: 1/7 levels left

rFire    . . .     SeeInvis .     - Unarmed
rCold    . . .     Faith    .   (shield currently unavailable)
rNeg     . . .     Spirit   .   (armour unavailable)
rPois    x         Reflect  .   (helmet currently unavailable)
rElec    .         Harm     .   (cloak currently unavailable)
rCorr    .         Rampage  .   (gloves currently unavailable)
Will     .....                  (boots currently unavailable)
Stlth    +.........             (no amulet)
HPRegen  0.11/turn              (no ring)
MPRegen  0.10/turn              (no ring)

@: spider-form (expiring)
A: venomous fangs, AC +5, tiny, unfitting armour, (cold-blooded)
a: End Transformation


You were on level 3 of the Dungeon.
You were a venomous arachnid creature.
You visited 1 branch of the dungeon, and saw 3 of its levels.

You collected 87 gold pieces.

Inventory:

Hand Weapons
 c - a +0 dagger (melded)
Magical Staves
 e - a staff of poison
Scrolls
 a - a scroll of identify {unknown}
 f - a scroll of amnesia {unknown}
 g - a scroll of magic mapping {unknown}
 h - a scroll of brand weapon {unknown}
 i - 3 scrolls of summoning {unknown}
 l - a scroll of immolation {unknown}
Potions
 d - 2 potions of mutation {unknown}
 j - a potion of degeneration {unknown}
 k - a potion of attraction {unknown}
 m - 2 potions of heal wounds {unknown}


   Skills:
 - Level 1.1 Fighting
 - Level 1.7 Dodging
 - Level 3.0 Unarmed Combat
 - Level 2.0 Spellcasting
 + Level 4.9 Transmutations


You had one spell level left.
You knew the following spells:

 Your Spells              Type           Power      Damage    Failure   Level
a - Beastly Appendage     Tmut           32%        N/A       11%         1
b - Spider Form           Tmut/Pois      4%         N/A       45%         3
c - Wereblood             Tmut           16%        N/A       13%         2

Your spell library contained the following spells:

 Spells                   Type           Power      Damage    Failure   Level
 Static Discharge         Conj/Air       1%         N/A       54%         2
 Sublimation of Blood     Necr           0%         N/A       54%         2
 Ice Form                 Ice/Tmut       8%         N/A       82%         4
 Lightning Bolt           Conj/Air       0%         1d11      100%        5
 Summon Hydra             Summ           0%         N/A       100%        7
 Maxwell's Capacitive Co  Air            0%         ∞         100%        8


Dungeon Overview and Level Annotations

Branches:
Dungeon (3/15)

Altars:

Shops:
D:1 *!


Innate Abilities, Weirdness & Mutations

You are a venomous arachnid creature.
You have poisonous fangs.
You are tiny and dextrous.
Your spellcasting is less reliable in this form.
Your armour is entirely melded.
You are incapable of wielding weapons or throwing items.
((Your plain brown scales are hard. (AC +5)))
You cannot fit into any form of body armour.
((You are cold-blooded and may be slowed by cold attacks.))


Message History

Confirm with . or Enter, or press ? or * to list all spells.
The spell is quite dangerous to cast (26% risk of failure)!
Continue anyway?
You turn into a venomous arachnid creature.
Your +0 dagger melds into your body.
The gnoll barely misses you.
A gnoll comes into view. It is wielding a +0 flail.
The gnoll barely misses you.
There is an open door here.
You completely miss the gnoll.
The gnoll shouts!
You hear a shout!
The gnoll closely misses you.
You barely miss the gnoll. You hit the gnoll but do no damage.
A gnoll comes into view. It is wielding a +0 club.
The gnoll barely misses you.
You hit the gnoll.
The gnoll is moderately wounded.
A kobold comes into view. It is wielding a +0 dagger.
The gnoll completely misses you. The gnoll hits you but does no damage.
You barely miss the gnoll.
The gnoll is moderately wounded.
The gnoll barely misses you. x2
You hit the gnoll.
The gnoll is poisoned.
The gnoll is severely wounded.
The gnoll completely misses you. The gnoll barely misses you.
You hit the gnoll but do no damage.
The gnoll looks even sicker.
The gnoll is heavily wounded.
The gnoll closely misses you.
You hit the gnoll.
The gnoll is almost dead.
The gnoll hits you from afar with a +1 vorpal spear!
The gnoll hits you with a +0 flail!
* * * LOW HITPOINT WARNING * * *
Your transformation is almost over.
You kill the gnoll!
You feel better.
The gnoll hits you from afar with a +1 vorpal spear!
* * * LOW HITPOINT WARNING * * *
x2 The gnoll hits you with a +1 vorpal spear.
* * * LOW HITPOINT WARNING * * *
You die...

#........#
##########........#
#...#...(#........#
.........'........+
##########........#
# #........#
######## #........+
.......# #........#
.....(.# #######s##
.......# #...g#
.......# #.###g
.......# # ..
.......# .##
.......# .#
######## .# ..


You could see 2 gnolls.

Vanquished Creatures
  A hound (D:3)
  Jessica (D:2)
  A gnoll (D:3)
  A worm (D:3)
  A dart slug (D:1)
  An orc (D:3)
  4 endoplasms
  5 giant cockroaches
  4 hobgoblins
  2 jackals (D:1)
  A kobold (D:2)
  3 quokkas
  A ball python (D:1)
  2 bats
  2 frilled lizards
  3 goblins
  5 rats
38 creatures vanquished.

Notes
Turn   | Place    | Note
-------+----------+-------------------------------------------
     0 | D:1      | barney the Draconian Transmuter began the quest for the
                  | Orb.
     0 | D:1      | Reached XP level 1. HP: 16/16 MP: 3/3
  1007 | D:1      | Reached XP level 2. HP: 22/23 MP: 3/5
  1255 | D:1      | Found Sicus's General Store.
  1468 | D:1      | Reached skill level 3 in Transmutations
  1808 | D:1      | Found Gidipuv's Distillery.
  2393 | D:2      | Noticed Jessica
  2396 | D:2      | Killed Jessica
  2397 | D:2      | Reached skill level 4 in Transmutations
  2397 | D:2      | Reached XP level 3. HP: 28/28 MP: 6/6
  2401 | D:2      | Learned a level 3 spell: Spider Form
  2404 | D:2      | Learned a level 2 spell: Wereblood
  3053 | D:2      | Found a faded altar of an unknown god.
  3300 | D:3      | Reached XP level 4. HP: 26/35 MP: 7/7
  3701 | D:3      | HP: 1/35 [gnoll (6)]
  3701 | D:3      | Slain by a gnoll

Illustrated notes

Levels and vault maps discovered:
D:1:      elethiomel_arrival_maze, layout_loops_ring, serial_shops, shop, shop
D:2:      layout_loops_cross, shapermc_ecumenical_altar_petra,
          minmay_worlds_worst_comb, uniq_jessica
D:3:      layout_basic, uniq_crazy_yiuf_cottage

Skill      XL: |  1  2 |
---------------+-------+-----
Transmutations | 4 |  4.9
Fighting       | |  1.1
Dodging        | |  1.7
Unarmed Combat | |  3.0
Spellcasting   | |  2.0

Action                   |  1- 3 |  4- 6 || total
-------------------------+-------+-------++-------
Melee: Dagger            |   148 |     4 ||   152
       Unarmed           |     4 |    16 ||    20
       Kick              |    13 |       ||    13
       Headbutt          |     9 |       ||     9
       Tailslap          |    11 |       ||    11
       Punch             |     2 |       ||     2
 Cast: Beastly Appendage |    17 |       ||    17
       Spider Form       |       |     3 ||     3
  Use: Potion            |     1 |     1 ||     2
 Stab: Sleeping          |     4 |       ||     4
Armor: Skin              |    48 |     2 ||    50
Dodge: Dodged            |    97 |    17 ||   114
